[ AOE2 MATCH · #506682683 ]
UnrankedBulgarians vs Hindustanis
Player's team · WIN
[ REPLAY ANALYSIS · EXTRACTED FROM THE RECORDED GAME ]
Feudal
10:14
Castle
26:52
Imperial
48:17
| APM avg | 30.9 |
| APM peak | 67 |
| eAPM avg | 18.1 |
| Villagers / military | 133 / 231 |
Focus
⚔️ 37.9% · 🌾 62.1%
Militia ×190 · Battering Ram ×12 · Archer ×11 · Spearman ×7 · Trebuchet (Packed) ×7 · Monk ×3
Feudal
9:18
Castle
24:41
Imperial
50:44
| APM avg | 32.1 |
| APM peak | 73 |
| eAPM avg | 20.1 |
| Villagers / military | 139 / 91 |
Focus
⚔️ 28.6% · 🌾 71.4%
Camel Scout ×43 · Scout Cavalry ×13 · Ghulam ×12 · Archer ×10 · Scorpion ×7 · Mangonel ×2
Match map
Initial resources + every placement click. Lines = walls · curves = elevation contours. ◆ gold · ⬟ stone · ● berries · ✦ relic · ◌ wall gap
Your base· Open — 3t gap
[ESTG] The Surrendor's base· Open — 4t gap
Smoothed initial terrain · ◌ = detected wall gap · hover for details
Inputs per minute
— Mister Piccolo - - [ESTG] The Surrendor
Build order — Mister Piccolo
First 150 of 440 actions detected
| 0:01 | Queue | Villager (Male) ×4 |
| 0:02 | Build | House |
| 0:04 | Build | House |
| 1:32 | Queue | Villager (Male) |
| 2:08 | Queue | Villager (Male) |
| 2:13 | Build | Lumber Camp |
| 2:15 | Queue | Villager (Male) |
| 2:57 | Queue | Villager (Male) |
| 3:23 | Queue | Villager (Male) |
| 3:38 | Queue | Villager (Male) |
| 4:14 | Build | House |
| 4:18 | Queue | Villager (Male) |
| 4:39 | Queue | Villager (Male) |
| 4:54 | Queue | Villager (Male) |
| 5:37 | Queue | Villager (Male) |
| 5:56 | Queue | Villager (Male) |
| 6:20 | Build | Barracks |
| 6:29 | Research | Loom |
| 7:16 | Queue | Villager (Male) |
| 7:26 | Queue | Militia |
| 7:28 | Build | House |
| 7:42 | Queue | Militia |
| 8:00 | Build | House |
| 8:04 | Research | Feudal Age |
| 8:19 | Queue | Militia |
| 8:35 | Queue | Villager (Male) |
| 8:48 | Build | Mining Camp |
| 8:51 | Build | House |
| 9:02 | Queue | Militia |
| 9:05 | Build | House |
| 9:35 | Build | House |
| 9:46 | Build | Mill |
| 10:10 | Queue | Militia |
| 10:11 | Queue | Villager (Male) |
| 10:14 | Age | Feudal Age |
| 10:22 | Research | Arson |
| 10:34 | Build | House |
| 10:35 | Queue | Militia |
| 10:47 | Build | House |
| 11:04 | Queue | Spearman |
| 11:26 | Queue | Spearman |
| 11:30 | Queue | Villager (Male) |
| 11:36 | Build | Blacksmith |
| 11:53 | Queue | Militia |
| 12:06 | Build | Farm |
| 12:13 | Build | House |
| 12:16 | Queue | Villager (Male) |
| 12:52 | Queue | Spearman |
| 13:18 | Queue | Militia |
| 13:36 | Queue | Villager (Male) |
| 13:37 | Queue | Militia |
| 13:58 | Build | Farm |
| 13:58 | Build | Farm |
| 14:00 | Queue | Militia |
| 14:22 | Build | Farm |
| 14:26 | Queue | Spearman |
| 14:32 | Queue | Villager (Male) |
| 14:48 | Build | Archery Range |
| 14:53 | Queue | Villager (Male) |
| 15:02 | Build | Farm |
| 15:05 | Build | House |
| 15:15 | Research | Scale Mail Armor |
| 15:19 | Queue | Spearman |
| 15:26 | Build | Farm |
| 15:26 | Build | Farm |
| 15:39 | Queue | Villager (Male) |
| 15:39 | Queue | Villager (Male) |
| 15:44 | Queue | Archer |
| 15:55 | Queue | Archer |
| 16:04 | Queue | Villager (Male) |
| 16:22 | Queue | Skirmisher |
| 16:23 | Queue | Militia |
| 16:40 | Build | Farm |
| 16:44 | Build | Farm |
| 16:54 | Queue | Archer |
| 16:56 | Queue | Villager (Male) |
| 16:59 | Build | Farm |
| 17:00 | Build | Farm |
| 17:10 | Queue | Archer |
| 17:21 | Research | Fletching |
| 17:23 | Queue | Villager (Male) |
| 17:37 | Queue | Spearman |
| 17:39 | Queue | Archer |
| 17:47 | Queue | Archer |
| 17:50 | Queue | Spearman |
| 17:51 | Queue | Villager (Male) |
| 17:54 | Build | Farm |
| 17:57 | Build | Farm |
| 17:59 | Build | Farm |
| 18:10 | Queue | Villager (Male) |
| 18:53 | Queue | Villager (Male) |
| 19:02 | Queue | Villager (Male) |
| 19:05 | Build | Farm |
| 19:07 | Build | Farm |
| 19:08 | Queue | Villager (Male) |
| 19:18 | Build | Farm |
| 19:19 | Research | Forging |
| 19:22 | Queue | Archer |
| 19:23 | Queue | Militia |
| 19:53 | Research | Double-Bit Axe |
| 19:56 | Queue | Villager (Male) |
| 20:09 | Build | Farm |
| 20:52 | Build | Lumber Camp |
| 20:56 | Build | House |
| 20:57 | Build | House |
| 21:00 | Build | House |
| 21:01 | Build | House |
| 21:07 | Queue | Villager (Male) |
| 21:18 | Queue | Archer |
| 21:22 | Research | Padded Archer Armor |
| 21:26 | Queue | Villager (Male) |
| 21:31 | Queue | Archer |
| 21:56 | Queue | Villager (Male) |
| 22:14 | Queue | Archer |
| 22:15 | Queue | Villager (Male) |
| 22:26 | Queue | Villager (Male) |
| 23:08 | Queue | Archer |
| 23:12 | Build | Farm |
| 23:19 | Build | Mill |
| 23:22 | Queue | Villager (Male) |
| 23:37 | Queue | Villager (Male) |
| 23:58 | Build | Barracks |
| 24:12 | Research | Castle Age |
| 24:18 | Queue | Militia |
| 24:22 | Build | Barracks |
| 24:24 | Build | Farm |
| 24:57 | Queue | Militia |
| 24:58 | Queue | Militia |
| 25:22 | Queue | Militia |
| 25:22 | Queue | Militia |
| 25:22 | Queue | Militia |
| 25:30 | Build | Farm |
| 25:41 | Build | Market |
| 25:54 | Queue | Militia |
| 25:55 | Queue | Militia |
| 25:55 | Queue | Militia |
| 26:23 | Queue | Militia |
| 26:23 | Queue | Militia |
| 26:52 | Age | Castle Age |
| 26:59 | Research | Squires |
| 26:59 | Research | Gambesons |
| 27:04 | Queue | Militia |
| 27:04 | Queue | Militia |
| 27:21 | Build | Town Center |
| 27:30 | Queue | Militia |
| 27:30 | Queue | Militia |
| 27:41 | Research | Chain Mail Armor |
| 27:57 | Queue | Militia |
| 27:57 | Queue | Militia |
| 27:57 | Queue | Militia |
Build order — [ESTG] The Surrendor
First 150 of 407 actions detected
| 0:01 | Queue | Villager (Male) ×4 |
| 0:02 | Build | House |
| 0:03 | Build | House |
| 1:19 | Queue | Villager (Male) |
| 1:47 | Queue | Villager (Male) |
| 1:52 | Build | Lumber Camp |
| 2:05 | Queue | Villager (Male) |
| 2:55 | Queue | Villager (Male) |
| 3:17 | Queue | Villager (Male) |
| 3:18 | Queue | Villager (Male) |
| 3:56 | Build | House |
| 4:07 | Queue | Villager (Male) |
| 4:07 | Queue | Villager (Male) |
| 4:16 | Build | Mill |
| 4:32 | Queue | Villager (Male) |
| 4:33 | Queue | Villager (Male) |
| 5:53 | Queue | Villager (Male) |
| 5:54 | Queue | Villager (Male) |
| 5:54 | Research | Loom |
| 6:47 | Research | Feudal Age |
| 7:55 | Build | Barracks |
| 8:02 | Build | Palisade Wall |
| 8:05 | Build | Barracks |
| 8:16 | Build | House |
| 8:23 | Queue | Villager (Male) |
| 8:40 | Build | House |
| 9:08 | Build | Palisade Wall |
| 9:18 | Age | Feudal Age |
| 9:23 | Build | Stable |
| 9:30 | Research | Double-Bit Axe |
| 9:39 | Queue | Villager (Male) |
| 9:40 | Queue | Spearman |
| 9:56 | Build | House |
| 10:06 | Build | Palisade Wall |
| 10:13 | Build | Palisade Wall |
| 10:21 | Queue | Scout Cavalry |
| 10:21 | Queue | Scout Cavalry |
| 10:22 | Queue | Villager (Male) |
| 10:30 | Queue | Scout Cavalry |
| 10:32 | Queue | Villager (Male) |
| 10:55 | Queue | Villager (Male) |
| 11:05 | Build | Archery Range |
| 11:14 | Queue | Villager (Male) |
| 11:16 | Queue | Scout Cavalry |
| 11:26 | Build | Archery Range |
| 11:29 | Build | Archery Range |
| 11:41 | Queue | Villager (Male) |
| 11:49 | Build | Watch Tower |
| 11:58 | Queue | Scout Cavalry |
| 12:13 | Queue | Villager (Male) |
| 12:16 | Build | Farm |
| 12:28 | Queue | Archer |
| 12:30 | Queue | Villager (Male) |
| 12:37 | Build | House |
| 12:44 | Build | Palisade Wall |
| 12:46 | Build | Palisade Wall |
| 12:51 | Build | Palisade Wall |
| 12:53 | Build | Palisade Wall |
| 12:55 | Build | Palisade Wall |
| 12:58 | Build | Palisade Wall |
| 13:24 | Queue | Scout Cavalry |
| 14:12 | Queue | Villager (Male) |
| 14:21 | Build | Mining Camp |
| 14:33 | Build | Palisade Wall |
| 14:35 | Queue | Villager (Male) |
| 14:50 | Build | Farm |
| 14:56 | Build | House |
| 15:01 | Build | Farm |
| 15:03 | Build | Farm |
| 15:06 | Queue | Villager (Male) |
| 15:08 | Build | Farm |
| 15:28 | Build | Lumber Camp |
| 15:29 | Queue | Villager (Male) |
| 15:32 | Build | Farm |
| 15:42 | Build | House |
| 15:51 | Queue | Villager (Male) |
| 16:01 | Build | Farm |
| 16:06 | Queue | Archer |
| 16:21 | Build | House |
| 16:24 | Build | House |
| 16:28 | Build | Palisade Wall |
| 16:44 | Queue | Villager (Male) |
| 16:50 | Build | Farm |
| 16:53 | Queue | Archer |
| 17:01 | Build | Farm |
| 17:04 | Build | Farm |
| 17:08 | Queue | Villager (Male) |
| 17:11 | Build | Farm |
| 17:25 | Queue | Villager (Male) |
| 17:28 | Build | Farm |
| 17:47 | Queue | Archer |
| 17:48 | Queue | Villager (Male) |
| 17:53 | Build | House |
| 17:55 | Build | Palisade Wall |
| 18:06 | Queue | Archer |
| 18:09 | Queue | Villager (Male) |
| 18:52 | Build | House |
| 18:56 | Build | Blacksmith |
| 18:58 | Build | Palisade Wall |
| 19:01 | Build | Market |
| 19:04 | Build | House |
| 19:07 | Build | House |
| 19:08 | Queue | Villager (Male) |
| 19:09 | Queue | Archer |
| 19:35 | Queue | Villager (Male) |
| 19:39 | Build | Farm |
| 19:49 | Queue | Archer |
| 19:51 | Research | Fletching |
| 20:06 | Build | Farm |
| 20:07 | Queue | Villager (Male) |
| 20:09 | Queue | Archer |
| 20:27 | Build | Farm |
| 20:28 | Build | Farm |
| 20:38 | Build | House |
| 20:48 | Queue | Villager (Male) |
| 20:55 | Build | Farm |
| 21:05 | Build | Farm |
| 21:15 | Queue | Villager (Male) |
| 21:30 | Build | Farm |
| 21:47 | Build | House |
| 21:48 | Build | House |
| 21:51 | Build | House |
| 21:53 | Build | Palisade Wall |
| 22:01 | Research | Castle Age |
| 22:02 | Queue | Archer |
| 22:38 | Build | House |
| 23:03 | Queue | Archer |
| 23:07 | Build | Stable |
| 23:09 | Research | Bloodlines |
| 23:12 | Research | Scale Barding Armor |
| 23:21 | Build | Farm |
| 24:03 | Queue | Skirmisher |
| 24:05 | Queue | Skirmisher |
| 24:09 | Build | Mining Camp |
| 24:27 | Research | Padded Archer Armor |
| 24:28 | Queue | Villager (Male) |
| 24:29 | Queue | Scout Cavalry |
| 24:29 | Queue | Scout Cavalry |
| 24:41 | Age | Castle Age |
| 25:11 | Research | Light Cavalry (upgrade) |
| 25:12 | Queue | Villager (Male) |
| 25:35 | Build | Town Center |
| 25:41 | Queue | Scout Cavalry |
| 25:42 | Queue | Villager (Male) |
| 26:05 | Queue | Scout Cavalry |
| 26:15 | Queue | Villager (Male) |
| 26:23 | Queue | Scout Cavalry |
| 26:26 | Queue | Villager (Male) |
| 26:31 | Build | Town Center |
| 26:55 | Queue | Camel Scout |
Match timeline
| 6:20 | Mister Piccolo · first_building Barracks |
| 7:55 | [ESTG] The Surrendor · first_building Barracks |
| 8:02 | [ESTG] The Surrendor · wall_segment Palisade Wall x5 |
| 9:08 | [ESTG] The Surrendor · wall_segment Palisade Wall x9 |
| 9:18 | [ESTG] The Surrendor · age_up feudal |
| 9:23 | [ESTG] The Surrendor · first_building Stable |
| 10:06 | [ESTG] The Surrendor · wall_segment Palisade Wall x1 |
| 10:13 | [ESTG] The Surrendor · wall_segment Palisade Wall x13 |
| 10:14 | Mister Piccolo · age_up feudal |
| 11:05 | [ESTG] The Surrendor · first_building Archery Range |
| 12:44 | [ESTG] The Surrendor · wall_segment Palisade Wall x1 |
| 12:46 | [ESTG] The Surrendor · wall_segment Palisade Wall x1 |
| 12:51 | [ESTG] The Surrendor · wall_segment Palisade Wall x1 |
| 12:53 | [ESTG] The Surrendor · wall_segment Palisade Wall x1 |
| 12:55 | [ESTG] The Surrendor · wall_segment Palisade Wall x1 |
| 12:58 | [ESTG] The Surrendor · wall_segment Palisade Wall x1 |
| 14:33 | [ESTG] The Surrendor · wall_segment Palisade Wall x1 |
| 14:48 | Mister Piccolo · first_building Archery Range |
| 16:28 | [ESTG] The Surrendor · wall_segment Palisade Wall x1 |
| 17:55 | [ESTG] The Surrendor · wall_segment Palisade Wall x1 |
| 18:58 | [ESTG] The Surrendor · wall_segment Palisade Wall x1 |
| 21:53 | [ESTG] The Surrendor · wall_segment Palisade Wall x1 |
| 24:41 | [ESTG] The Surrendor · age_up castle |
| 25:24 | [ESTG] The Surrendor · first_market_buy 100 wood |
| 25:28 | [ESTG] The Surrendor · first_market_sell 100 food |
| 26:52 | Mister Piccolo · age_up castle |
| 27:39 | Mister Piccolo · first_market_sell 100 wood |
| 27:40 | Mister Piccolo · first_market_buy 100 food |
| 29:26 | Mister Piccolo · first_building Siege Workshop |
| 29:47 | [ESTG] The Surrendor · first_building Siege Workshop |
| 36:27 | [ESTG] The Surrendor · wall_segment Stone Wall x1 |
| 36:30 | [ESTG] The Surrendor · wall_segment Stone Wall x1 |
| 41:18 | Mister Piccolo · first_building Castle |
| 41:52 | Mister Piccolo · first_building Stable |
| 42:06 | [ESTG] The Surrendor · wall_segment Palisade Wall x1 |
| 42:09 | [ESTG] The Surrendor · wall_segment Palisade Wall x1 |
| 42:11 | [ESTG] The Surrendor · wall_segment Palisade Wall x1 |
| 44:05 | [ESTG] The Surrendor · wall_segment Palisade Wall x1 |
| 46:11 | Mister Piccolo · first_building Monastery |
| 46:25 | [ESTG] The Surrendor · first_building Castle |
| 46:59 | [ESTG] The Surrendor · wall_segment Stone Wall x13 |
| 48:17 | Mister Piccolo · age_up imperial |
| 50:44 | [ESTG] The Surrendor · age_up imperial |
| 51:40 | [ESTG] The Surrendor · wall_segment Stone Wall x1 |
| 51:41 | [ESTG] The Surrendor · wall_segment Stone Wall x1 |
| 51:43 | [ESTG] The Surrendor · wall_segment Stone Wall x1 |
| 52:34 | [ESTG] The Surrendor · wall_segment Stone Wall x1 |
| 54:20 | [ESTG] The Surrendor · resign |
[ AI ANALYSIS · 1 CREDIT ]
What really happened in this match?
Wolo.gg analyzes every decision: build order, eco, micro, common mistakes by bracket. Personalized analysis on WhatsApp or Discord in 30 seconds.
Civ guide
Bulgarians
Perfil
Mister Piccolo